 Dungeon Crawl Stone Soup version 0.27-a0-1188-g73eefd5def (webtiles) character file.

Game seed: 10815300291676038093

9 chippings the Cudgeller (level 2, -3/22 HPs)
             Began as a Mummy Gladiator on May 20, 2021.
             Killed from afar by Natasha (7 damage)
             ... with a magic dart
             ... on level 2 of the Dungeon.
             The game lasted 00:00:37 (450 turns).

chippings the Cudgeller (Mummy Gladiator)            Turns: 450, Time: 00:00:38

Health: -3/22      AC:  4    Str: 17    XL:     2   Next: 6%
Magic:  2/2        EV: 12    Int:  7    God:
Gold:   11         SH:  0    Dex: 13    Spells: 1/1 levels left

rFire    x . .     SeeInvis .   a - +0 flail
rCold    + . .     Faith    .   (no shield)
rNeg     + + +     Spirit   .   b - +0 leather armour
rPois    ∞         Reflect  .   c - +0 helmet
rElec    .         Harm     .   (no cloak)
rCorr    .         Rampage  .   (no gloves)
Will     .....                  (no boots)
Stlth    +.........             (no amulet)
HPRegen  0.07/turn              (no ring)
MPRegen  0.08/turn              (no ring)

@: no status effects
A: cold resistance 1, negative energy resistance 3, torment resistance 2, heat
vulnerability 1, no potions
a: no special abilities


You were on level 2 of the Dungeon.
You visited 1 branch of the dungeon, and saw 2 of its levels.

You collected 11 gold pieces.

Inventory:

Hand Weapons
 a - a +0 flail (weapon)
 f - a +1 dagger of speed
Missiles
 d - 3 throwing nets (quivered)
Armour
 b - a +0 leather armour (worn)
 c - a +0 helmet (worn)
Scrolls
 e - a scroll of summoning {unknown}
 g - a scroll of brand weapon {unknown}


   Skills:
 + Level 2.2 Fighting
 * Level 2.8 Maces & Flails
 - Level 1.5 Throwing
 - Level 2.4 Dodging


You had one spell level left.
You didn't know any spells.
Your spell library was empty.

Dungeon Overview and Level Annotations

Branches:
Dungeon (1/15)

Altars:

Annotations:
D:2 Natasha


Innate Abilities, Weirdness & Mutations

You are immune to poison.
Your flesh is cold resistant. (rC+)
You are immune to negative energy. (rN+++)
You are immune to unholy pain and torment.
You are vulnerable to heat. (rF-)
You do not drink.


Message History

You open the door.
A goblin comes into view. It is wielding a +0 club.
There is an open door here.
The goblin shouts!
The goblin barely misses you.
You thump the goblin!
You kill the goblin!
Things that are here:
a +0 club; a goblin corpse Natasha, Servant of Life and Death comes into view.
Natasha hisses angrily.
Natasha casts a spell at you. The magic dart hits you!
Found a sapphire potion.
A goblin comes into view. It is wielding a +0 club.
The goblin shouts!
A kobold comes into view. It is wielding a +0 dagger.
Natasha mumbles some strange words.
Natasha's front paws start to glow.
Natasha claws you. The goblin hits you with a +0 club.
Found a stone staircase leading down.
You are too injured to fight recklessly!
You are too injured to fight recklessly!
Unknown command.
The kobold shouts!
You thump Natasha!
Natasha is heavily wounded.
Natasha stares at you and mumbles some strange words.
The magic dart hits you.
* * * LOW HITPOINT WARNING * * *
Natasha closely misses you.
You miss Natasha.
Natasha is heavily wounded.
Natasha misses you.
You closely miss Natasha.
Natasha is heavily wounded.
The goblin closely misses you.
Natasha stares at you and mumbles some strange words.
The magic dart hits you!
You die...

##.## #..# ##.#
#.# . #.##
..#####..#
.........##'##..
.......gh.......
.......@#.......
........#.......
........#.......
........#.......
...!....##..###.
........# ..#
..####### #># ..


You could see Natasha and a goblin.

Vanquished Creatures
  A bat (D:2)
  2 goblins
  2 hobgoblins
  2 ball pythons (D:2)
  A rat (D:1)
8 creatures vanquished.

Notes
Turn   | Place    | Note
-------+----------+-------------------------------------------
     0 | D:1      | chippings the Mummy Gladiator began the quest for the Orb.
     0 | D:1      | Reached XP level 1. HP: 16/16 MP: 1/1
   298 | D:1      | You fall into a shaft and drop 1 floor!
   403 | D:2      | Reached XP level 2. HP: 22/22 MP: 2/2
   441 | D:2      | Noticed Natasha
   450 | D:2      | Killed from afar by Natasha

Illustrated notes

Levels and vault maps discovered:
D:1:      minmay_arrival_widening_spiral_wide, layout_basic,
          shapermc_ecumenical_altar_notcrosses, kennysheep_pointless_box
D:2:      layout_basic, minmay_randomly_rotated_circles, uniq_natasha,
          uniq_terence

Action                   || total
-------------------------++-------
Melee: Flail             ||    31
 Stab: Sleeping          ||     1
Armor: Leather armour    ||    13
Dodge: Dodged            ||    28

Table legend: (Time is in decaauts)
 A = Elapsed time spent in this place.
 B = Non-inter-level travel time spent in this place.
 C = Inter-level travel time spent in this place.
 D = Time resting spent in this place.
 E = Time spent auto-exploring this place.
 F = Levels seen in this place.
 G = Mean time per level.
                   A        B        C        D        E       F      G
               +--------+--------+--------+--------+--------+-----+--------+
         Total |    457 |    457 |      0 |      0 |    353 |   2 |  228.5 |
       Dungeon |    457 |    457 |      0 |      0 |    353 |   2 |  228.5 |
               +--------+--------+--------+--------+--------+-----+--------+

Top non-repeatable levels by time:
     D:1: 303 daAuts
     D:2: 154 daAuts
